 Dungeon Crawl Stone Soup version 0.30-a0-778-g2ef04afb54 (webtiles) character file.

Game seed: 6432216061330148775

141 BigDaddyOpFi the Sneak (level 5, -1/36 HPs)
             Began as an Octopode Monk on Feb 15, 2023.
             Slain by a river rat (8 damage)
             ... on level 3 of the Dungeon.
             The game lasted 00:02:09 (1183 turns).

BigDaddyOpFi the Sneak (Octopode Monk)              Turns: 1183, Time: 00:02:10

Health: -1/36      AC:  1    Str: 12    XL:     5   Next: 24%
Magic:  5/5        EV: 14    Int: 13    God:
Gold:   115        SH:  0    Dex: 14    Spells: 4/4 levels left

rFire   . . .      SeeInvis +    n - +1 trident of War {heavy, rPois SInv Stlth+}
rCold   . . .      Faith    .    (no shield)
rNeg    . . .      Spirit   .    (helmet restricted)
rPois   +          Reflect  .    (no amulet)
rElec   .          Harm     .    (no ring)
rCorr   .          Rampage  .    (no ring)
Will    .....                    (no ring)
Stlth   ++++++                   (no ring)
HPRegen 0.26/turn                (no ring)
MPRegen 0.09/turn                (no ring)
                                 (no ring)
                                 (no ring)

@: no status effects
A: almost no armour, amphibious, 8 rings, camouflage 1, gelatinous body 1,
nimble swimmer 1, tentacles
a: no special abilities


You were on level 3 of the Dungeon.
You visited 1 branch of the dungeon, and saw 3 of its levels.

You collected 115 gold pieces.

Inventory:

Hand Weapons
 a - a +0 short sword
 d - a +0 dagger of venom
 g - a +1 vampiric dagger
 m - a +3 dagger of draining
 n - the +1 trident of War (weapon) {heavy, rPois SInv Stlth+}
   (You found it on level 3 of the Dungeon)

   rPois:     It protects you from poison.
   SInv:      It lets you see invisible.
   Stlth:     It makes you more stealthy.
Scrolls
 h - a scroll of teleportation
 j - 2 scrolls of blinking
 l - a scroll of fear
 o - a scroll of enchant weapon {unknown}
Potions
 b - a potion of ambrosia
 c - 5 potions of curing {unknown}
 f - a potion of flight {unknown}
 i - a potion of lignification {unknown}
 k - a potion of mutation {unknown}


   Skills:
 - Level 3.0 Fighting
 - Level 3.0 Short Blades
 + Level 1.4 Polearms
 - Level 3.0 Dodging
 + Level 6.9 Stealth


You had 4 spell levels left.
You didn't know any spells.
Your spell library contained the following spells:

 Spells                   Type           Power      Damage    Failure   Level
 Summon Small Mammal      Summ           0%         N/A       30%         1
 Call Canine Familiar     Summ           0%         N/A       67%         3
 Summon Guardian Golem    Hex/Summ       0%         N/A       67%         3


Dungeon Overview and Level Annotations

Branches:
Dungeon (3/15)

Altars:

Shops:
D:1 *


Innate Abilities, Weirdness & Mutations

You cannot wear most types of armour.
You are amphibious.
You can wear up to eight rings at the same time.
Your skin changes colour to match your surroundings (Stealth+).
Your rubbery body absorbs attacks. (AC +1, EV +1)
You are camouflaged when in or above water. (Stealth+)
You have tentacles for arms and can constrict up to eight enemies at once.


Message History

You kill the adder!
Things that are here:
a worm corpse; a worm corpse A worm comes into view.
An adder comes into view.
The helpless worm fails to defend itself.
You puncture the worm! You grab the worm.
The worm is almost dead.
You constrict the worm.
You kill the worm!
A worm and a river rat come into view.
The helpless adder fails to defend itself.
You puncture the adder! You grab the adder. You squeeze the adder.
You kill the adder!
A river rat comes into view.
You puncture the worm! You grab the worm.
The worm is severely wounded.
You constrict the worm. The worm misses you.
You hit the worm.
You kill the worm!
The river rat misses you.
You hit the river rat. You grab the river rat.
The river rat is lightly wounded.
You constrict the river rat, but do no damage.
The river rat closely misses you. The river rat bites you!
The river rat misses you. The river rat barely misses you.
You hit the river rat. You grab the river rat.
The river rat is lightly wounded.
You constrict the river rat.
You constrict the river rat, but do no damage.
The river rat misses you. x2; The river rat closely misses you.
The river rat bites you!
You hit the river rat but do no damage. Your squeeze misses the river rat.
The river rat is lightly wounded.
You hear the slow rusting of a drain.
You constrict the river rat. x2; The river rat closely misses you.
The river rat barely misses you. The river rat bites you!
* * * LOW HITPOINT WARNING * * *
The river rat bites you!
You die...

...............####.##
#...................# .#
#...........~.......
...##.........~~~†~.~...
#...........####†#~#~~..
............#~~†~†~~~~.#
.#..#..†....#~########.#
. #!......#~~~~~~#
#.......####@#~#
########.#~~rr# # .##
#.#~##~# .... ##.# ~~#
.....#####..# ~##
........<...# #~
.....#####..# #~
#.###......####
######.........#


You could see 2 river rats.

Vanquished Creatures
  4 adders
  2 river rats (D:3)
  6 worms
  3 dart slugs
  7 ball pythons
  5 bats
  2 endoplasms (D:1)
  3 giant cockroaches
  9 goblins
  3 hobgoblins
  8 jackals
  2 quokkas
  2 frilled lizards
  2 kobolds (D:2)
  3 rats (D:1)
61 creatures vanquished.

Notes
Turn   | Place    | Note
-------+----------+-------------------------------------------
     0 | D:1      | BigDaddyOpFi the Octopode Monk began the quest for the Orb.
     0 | D:1      | Reached XP level 1. HP: 16/16 MP: 1/1
    50 | D:1      | Reached skill level 3 in Stealth
    69 | D:1      | Reached XP level 2. HP: 17/21 MP: 2/2
    78 | D:1      | Reached skill level 4 in Stealth
    96 | D:1      | Found Witewnon's General Store.
   152 | D:1      | Reached XP level 3. HP: 26/26 MP: 3/3
   578 | D:2      | Reached skill level 5 in Stealth
   821 | D:2      | Reached XP level 4. HP: 31/31 MP: 4/4
   951 | D:2      | Found a faded altar of an unknown god.
  1001 | D:2      | Reached skill level 6 in Stealth
  1089 | D:3      | Identified the +1 trident of War {heavy, rPois SInv Stlth+}
  1163 | D:3      | HP: 1/31 [worm (9)]
  1167 | D:3      | Reached skill level 1 in Polearms
  1167 | D:3      | Reached XP level 5. HP: 28/36 MP: 5/5
  1183 | D:3      | Slain by a river rat

Illustrated notes

Levels and vault maps discovered:
D:1:      beargit_arrival_greenhouse, layout_rooms, serial_shops,
          nicolae_square_shop, minivault_24
D:2:      layout_rooms, shapermc_ecumenical_altar_mp_highgroup
D:3:      layout_rooms, okawaru_metal_pillars_1_2, lightli_sewer_entry_pipes

Skill      XL: |  1  2  3  4 |
---------------+-------------+-----
Stealth        | 3 4 5 6 |  6.9
Polearms       | 1 |  1.4
Fighting       | |  3.0
Short Blades   | |  3.0
Dodging        | |  3.0

Action                     |  1- 3 |  4- 6 || total
---------------------------+-------+-------++-------
  Melee: Short sword       |    22 |       ||    22
         Constrict         |    16 |    18 ||    34
         Tentacles         |    11 |     9 ||    20
         Dagger            |    49 |    21 ||    70
         Trident           |       |    23 ||    23
         Punch             |       |     1 ||     1
    Use: Scroll            |       |     3 ||     3
         Potion            |       |     2 ||     2
   Stab: Sleeping          |    10 |     9 ||    19
 Armour: Skin              |     7 |     5 ||    12
  Dodge: Dodged            |    43 |    52 ||    95

Table legend: (Time is in decaauts)
 A = Elapsed time spent in this place.
 B = Non-inter-level travel time spent in this place.
 C = Inter-level travel time spent in this place.
 D = Time resting spent in this place.
 E = Time spent auto-exploring this place.
 F = Levels seen in this place.
 G = Mean time per level.
                   A        B        C        D        E       F      G
               +--------+--------+--------+--------+--------+-----+--------+
         Total |   1185 |   1164 |     21 |      0 |    807 |   3 |  395.0 |
       Dungeon |   1185 |   1164 |     21 |      0 |    807 |   3 |  395.0 |
               +--------+--------+--------+--------+--------+-----+--------+

Top non-repeatable levels by time:
     D:1: 563 daAuts
     D:2: 472 daAuts
     D:3: 149 daAuts
